 Dungeon Crawl Stone Soup version 0.17-a0-670-g5d95ebd (webtiles) character file.

31448 Chiseanne the Blocker (level 13, -6/115 HPs)
             Began as a Ghoul Gladiator on Apr 18, 2015.
             Was the Champion of Makhleb.
             Mangled by a rust devil (10 damage)
             ... summoned by an orc sorcerer
             ... while paralysed by an orc sorcerer
             ... on level 4 of the Orcish Mines.
             The game lasted 01:34:37 (18434 turns).

Chiseanne the Blocker (Ghoul Gladiator)            Turns: 18434, Time: 01:34:37

Health: -6/115     AC: -7    Str: 20    XL:     13   Next: 58%
Magic:  12/12      EV:  2    Int:  3    God:    Makhleb [******]
Gold:   756        SH:  0    Dex: 26    Spells: 0 memorised, 12 levels left

rFire  + + .     SeeInvis .     d - +0 war axe (flame)
rCold  + + +     Clarity  .     J - +8 chain mail of Chimes {-Cast rF++ MP+9}
rNeg   + + +     SustAb   .     q - +0 shield
rPois  ∞         Gourm    .     F - +1 hat {MR+}
rElec  +         Spirit   .     (no cloak)
rCorr  .         Warding  .     K - +0 pair of gloves
rMut   .         Stasis   .     Y - +0 pair of boots
MR     +....     NoCast   +     x - amulet of the Air {Inacc +Fly rElec EV+5 RMsl}
Stlth  ..........               k - +6 ring of dexterity
                                n - ring "Ysunui" {Wiz rC++ MP-9 Dex+2}

@: paralysed, agile, corroded equipment, very slightly contaminated, rotting,
hasted, repel missiles, somewhat resistant to hostile enchantments, extremely
unstealthy
A: rotting body, claws 1, carnivore 3, cold resistance 1, negative energy
resistance 3, slow healing 1, torment resistance, unbreathing
a: Minor Destruction, Lesser Servant of Makhleb, Major Destruction, Greater
Servant of Makhleb, Renounce Religion, Evoke Flight


You were on level 4 of the Orcish Mines.
You worshipped Makhleb.
Makhleb was exalted by your worship.
You were not hungry.

You visited 3 branches of the dungeon, and saw 18 of its levels.
You also visited: Labyrinth and Volcano.

You collected 2368 gold pieces.
You spent 1612 gold pieces at shops.

Inventory:

Hand weapons
 a - a +0 war axe of electrocution
 d - a +0 war axe of flaming (weapon)
 s - a +1 vampiric war axe
 w - a +0 blowgun
Missiles
 f - 2 poisoned tomahawks
 h - 4 tomahawks of returning
 i - 2 throwing nets
 y - 8 tomahawks (quivered)
 A - a needle of confusion
 D - 6 tomahawks of dispersal
 H - 60 poisoned needles
 P - 12 curare-tipped needles
 V - 7 javelins
Armour
 q - a +0 shield (worn)
 F - a +1 hat of magic resistance (worn)
 J - the +8 chain mail of Chimes (worn) {-Cast rF++ MP+9}
   (You found it on level 7 of the Dungeon)

   It greatly protects you from fire.
   It affects your magic capacity (+9).
   It prevents spellcasting.
 K - a +0 pair of gloves (worn)
 Y - a +0 pair of boots (worn)
Jewellery
 k - a +6 ring of dexterity (right hand)
 m - an uncursed ring of see invisible
 n - the ring "Ysunui" (left hand) {Wiz rC++ MP-9 Dex+2}
   (You bought it in a shop on level 4 of the Orcish Mines)

   [ring of wizardry]

   It improves your spell success rate.
   It affects your dexterity (+2).
   It greatly protects you from cold.
   It affects your magic capacity (-9).
 x - the amulet of the Air (around neck) {Inacc +Fly rElec EV+5 RMsl}
   (You found it in a labyrinth)

   [amulet of inaccuracy]

   It reduces the accuracy of all your attacks.
   It affects your evasion (+5).
   It insulates you from electricity.
   It lets you fly.
   It protects you from missiles.
Magical devices
 c - a wand of fire (6)
 t - a wand of heal wounds (0)
Scrolls
 b - 5 scrolls of remove curse
 v - 2 scrolls of immolation
 z - a scroll of blinking
 E - a scroll of teleportation
 L - 4 scrolls of identify
 Q - a scroll of fog
Potions
 e - 2 potions of heal wounds
 g - 2 potions of haste
 j - a potion of agility
 l - 3 potions of restore abilities
 o - 2 potions of ambrosia
 r - 7 potions of curing
 u - a potion of cancellation
 S - a potion of resistance
Comestibles
 p - 3 beef jerkies
 B - a royal jelly
 C - 3 chunks of flesh
 G - 12 slices of pizza
 W - 8 meat rations


   Skills:
 * Level 10.8 Fighting
 * Level 3.6(6.6) Axes
   Level 5.0(5.6) Maces & Flails
   Level 6.8(7.3) Polearms
 - Level 1.7 Throwing
 * Level 8.1 Armour
 - Level 7.5 Dodging
 * Level 12.7 Shields


You had 12 spell levels left.
You didn't know any spells.

Dungeon Overview and Level Annotations

Branches:
Dungeon (13/15)            Temple (0/1) D:5            Lair (1/8) D:11
    Orc (4/4) D:11            Elf (0/3) Orc:3
 Vaults: D:13-14

Altars:
Ashenzari
Dithmenos
Elyvilon
Makhleb
Ru
Sif Muna
Xom
The Shining One
Beogh

Shops:
D:4 %   D:5 :   Orc:1 [   Orc:4 =

Annotations:
D:12 exclusion: 3 doors


Innate Abilities, Weirdness & Mutations

Your body is rotting away.
You thrive on raw meat.
You are immune to poison.
You have sharp fingernails.
You are carnivorous and can eat meat at any time.
Your flesh is cold resistant.
You are immune to negative energy.
You heal slowly when monsters are visible.
You are immune to unholy pain and torment.
You can survive without breathing.


Message History

The orc knight hits you with a great sword!
The orc sorcerer casts a spell at you.
You suddenly lose the ability to move!
The rust devil hits you! The rust devil corrodes your equipment!
The orc sorcerer hits you with a dagger.
The orc knight hits you with a great sword!!
The rust devil hits you!
* * * LOW HITPOINT WARNING * * *
The rust devil corrodes your equipment!
The orc sorcerer hits you with a dagger.
* * * LOW HITPOINT WARNING * * *
The orc knight hits you with a great sword!!
* * * LOW HITPOINT WARNING * * *
The rust devil hits you.
* * * LOW HITPOINT WARNING * * *
The rust devil corrodes your equipment!
The orc sorcerer hits you with a dagger.
* * * LOW HITPOINT WARNING * * *
The rust devil hits you!
You die...

.............####.## #
..............#....# #
..................## ##
...................# ##.
...............##.## ##..
...............##### #...
.............###...###
##..
.............##4o)...##
###
............##.)@o)...#
### ##
............#...)##.....#
##.###.
...........##..[## ....#
#...... ...........#....#
Z... ##.....
............)))## ...
#...... ..........)....#
o ##.....
...............# #.###..
......)........#.#
#..#...
...............#.#
#......


You could see an orc knight, a rust devil and an orc sorcerer.

Vanquished Creatures
  Gastronok (Lair:1)
  A minotaur (Lab)
  2 hydras
  3 orc high priests
  Sonja (D:11)
  Nergalle (Orc:3)
  An unseen horror (D:10)
  3 hill giants
  3 orc knights
  2 cyclopes (D:11)
  2 orc sorcerers (Orc:3)
  2 manticores
  3 toenail golems (Volcano)
  Joseph (D:10)
  2 centaur skeletons
  3 trolls
  A two-headed ogre (D:11)
  6 slime creatures
  A deep elf mage (D:11)
  A shadow (D:13)
  10 yaks
  2 water elementals (D:11)
  A wraith (D:11)
  A ynoxinul (Orc:4)
  Eustachio (D:6)
  An orc zombie (Orc:4)
  2 hungry ghosts
  3 hippogriffs
  7 humans
  A warg (Orc:2)
  3 wolves (D:11)
  9 ice beasts
  Duvessa (D:7)
  3 sky beasts
  A water moccasin (D:11)
  17 orc warriors
  2 phantoms
  9 ogres
  9 centaurs
  An eye of draining (D:9)
  A crocodile (D:12)
  2 big kobolds
  4 giant frogs
  7 scorpions
  19 killer bees
  Dowan (D:7)
  15 jellies
  2 yak skeletons (Orc:4)
  2 electric eels (D:11)
  18 wights
  3 crimson imps
  10 hounds
  A quasit (D:6)
  A giant frog zombie (D:6)
  A wasp zombie (D:13)
  2 centaur zombies
  22 orc priests
  34 orc wizards
  A giant frog skeleton (D:7)
  12 worker ants
  6 iguanas
  3 spectral orcs (Orc:3)
  A killer bee zombie (D:11)
  7 sheep
  3 hound zombies
  A hound skeleton (D:8)
  12 adders
  A river rat (D:6)
  A shadow imp (D:11)
  15 oozes
  An adder skeleton (D:6)
  A worm (D:4)
  6 giant geckos
  179 orcs
  3 ball pythons
  20 hobgoblins
  19 jackals
  20 kobolds
  A quokka (D:2)
  19 bats
  3 giant cockroaches
  2 giant gecko skeletons (D:5)
  8 giant newts
  3 giant spores
  17 goblins
  10 rats
  5 rat skeletons (Orc:4)
  5 ballistomycetes
  2 fungi
656 creatures vanquished.

Vanquished Creatures (others)
  An ice beast (Orc:3)
  A shadow imp (D:9)
  An orc (Orc:3)
  3 kobolds (D:11)
  3 rat skeletons (Orc:4)
  A ballistomycete (D:9)
  6 fungi (D:11)
  4 toadstools (D:1)
20 creatures vanquished.

Grand Total: 676 creatures vanquished

Notes
Turn   | Place    | Note
--------------------------------------------------------------
     0 | D:1      | Chiseanne, the Ghoul Gladiator, began the quest for the Orb.
     0 | D:1      | Reached XP level 1. HP: 17/17 MP: 0/0
   293 | D:1      | Reached skill level 3 in Dodging
   293 | D:1      | Reached XP level 2. HP: 15/24 MP: 1/1
   508 | D:1      | Reached XP level 3. HP: 26/30 MP: 2/2
  1514 | D:2      | Reached XP level 4. HP: 33/37 MP: 3/3
  1750 | D:3      | Reached skill level 4 in Dodging
  1835 | D:3      | Reached skill level 1 in Maces & Flails
  1859 | D:3      | Reached XP level 5. HP: 33/44 MP: 4/4
  2459 | D:4      | Reached XP level 6. HP: 45/51 MP: 5/5
  2617 | D:4      | Noticed an ogre
  2627 | D:4      | Killed an ogre
  2627 | D:4      | Reached skill level 5 in Dodging
  2627 | D:4      | Reached skill level 1 in Shields
  2706 | D:4      | Found Kuwam's Food Boutique.
  3128 | D:5      | Entered Level 5 of the Dungeon
  3134 | D:5      | Reached XP level 7. HP: 36/58 MP: 6/6
  3268 | D:5      | Found a burning altar of Makhleb.
  3290 | D:5      | Became a worshipper of Makhleb the Destroyer
  3329 | D:5      | Got a heavy robe
  3340 | D:5      | Identified the cursed +0 robe "Wussimim" {rPois MR- Dex+4} (You found it on level 5 of the Dungeon)
  3504 | D:5      | Found a sacrificial altar of Ru.
  3871 | D:5      | Found a staircase to the Ecumenical Temple.
  3994 | D:5      | Acquired Makhleb's first power
  3995 | D:5      | Found Areoshryk's Book Shop.
  4126 | D:6      | Noticed Eustachio
  4138 | D:6      | Reached skill level 6 in Dodging
  4147 | D:6      | Reached XP level 8. HP: 24/67 MP: 7/7
  4405 | D:6      | Killed Eustachio
  4812 | D:6      | Reached skill level 5 in Fighting
  4898 | D:6      | Acquired Makhleb's second power
  5044 | D:6      | Reached skill level 7 in Dodging
  5600 | D:7      | Reached XP level 9. HP: 55/74 MP: 8/8
  5664 | D:7      | Got a warped chain mail
  5680 | D:7      | Identified the +8 chain mail of Chimes {-Cast rF++ MP+9} (You found it on level 7 of the Dungeon)
  5923 | D:7      | Found a deep blue altar of Sif Muna.
  5933 | D:7      | Reached skill level 1 in Armour
  6017 | D:7      | Noticed Duvessa
  6023 | D:7      | Noticed Dowan
  6026 | D:7      | Acquired Makhleb's third power
  6050 | D:7      | Killed Dowan
  6054 | D:7      | Killed Duvessa
  6054 | D:7      | Reached skill level 5 in Shields
  6388 | D:7      | Reached skill level 5 in Maces & Flails
  6683 | D:8      | Got a pitted spear
  6684 | D:8      | Identified the +1 spear of the Twelve Places {elec, rElec Int+2} (You found it on level 8 of the Dungeon)
  6930 | D:8      | Found a white marble altar of Elyvilon.
  6935 | D:8      | Found a shattered altar of Ashenzari.
  6955 | D:8      | Reached XP level 10. HP: 81/83 MP: 9/9
  7196 | D:8      | Found a shadowy altar of Dithmenos.
  7463 | D:9      | Reached skill level 1 in Polearms
  7576 | D:9      | Acquired Makhleb's fourth power
  7650 | D:9      | Found a glowing golden altar of the Shining One.
  7893 | D:9      | Identified Fikhlaos's Handbook of Conjuration and Curses
  7968 | D:9      | Found a shimmering altar of Xom.
  8265 | D:10     | Entered Level 10 of the Dungeon
  8484 | D:10     | Acquired Makhleb's fifth power
  8576 | D:10     | Noticed a hill giant
  8592 | D:10     | Killed a hill giant
  8678 | D:10     | Reached skill level 8 in Shields
  8691 | D:10     | Reached XP level 11. HP: 93/93 MP: 10/10
  8877 | D:10     | Noticed Joseph
  8910 | D:10     | Killed Joseph
  8910 | D:10     | Reached skill level 5 in Armour
  8935 | D:10     | Killed an unseen horror
  9366 | D:11     | Found a labyrinth entrance.
  9382 | Lab      | Entered a labyrinth
 10078 | Lab      | Noticed a minotaur
 10097 | Lab      | Killed a minotaur
 10097 | Lab      | Reached skill level 9 in Shields
 10125 | Lab      | Got a colourful robe
 10200 | D:11     | Identified the +1 robe "Merus" {Int+3} (You found it in a labyrinth)
 10507 | D:11     | Found a staircase to the Lair.
 10732 | D:11     | Found a staircase to the Orcish Mines.
 11315 | D:11     | Reached skill level 5 in Polearms
 11437 | D:11     | Noticed Sonja
 11503 | D:11     | Reached skill level 10 in Shields
 11518 | D:11     | Killed Sonja
 11518 | D:11     | Reached XP level 12. HP: 103/103 MP: 11/11
 12804 | D:12     | Noticed a six-headed hydra
 12813 | D:12     | Killed a one-headed hydra
 13636 | D:12     | Reached skill level 11 in Shields
 13916 | D:13     | Noticed a six-headed hydra
 13928 | D:13     | Killed a one-headed hydra
 14374 | Orc:1    | Entered Level 1 of the Orcish Mines
 14374 | Orc:1    | Found Norukem's Antique Armour Emporium.
 14457 | Orc:1    | Bought a pair of boots for 117 gold pieces
 14462 | Orc:1    | Bought a transparent chain mail for 247 gold pieces
 14462 | Orc:1    | Bought a jewelled chain mail for 247 gold pieces
 14462 | Orc:1    | Bought a runed helmet for 117 gold pieces
 14473 | Orc:1    | Identified the +2 chain mail of the Stallion {-Tele rElec rF+} (You bought it in a shop on level 1 of the Orcish Mines)
 14524 | Orc:1    | Identified the +3 chain mail "Kioh Bait" {-Tele MR+ rCorr} (You bought it in a shop on level 1 of the Orcish Mines)
 15441 | Orc:3    | Noticed Nergalle
 15461 | Orc:3    | Noticed a spectral orc warlord
 15500 | Orc:3    | Killed Nergalle
 15777 | Orc:4    | Entered Level 4 of the Orcish Mines
 15956 | Orc:3    | Noticed an orc high priest
 15964 | Orc:3    | Reached XP level 13. HP: 108/113 MP: 12/12
 15965 | Orc:3    | Reached skill level 10 in Fighting
 15991 | Orc:3    | Killed an orc high priest
 16042 | Orc:3    | Reached skill level 12 in Shields
 16047 | Orc:3    | Found a dark tunnel.
 16054 | Volcano  | Entered a volcano
 16555 | Orc:3    | Found a staircase to the Elven Halls.
 16626 | Lair:1   | Entered Level 1 of the Lair of Beasts
 16642 | Lair:1   | Noticed Gastronok
 16675 | Lair:1   | Killed Gastronok
 17109 | Orc:4    | Found Loluwyff's Jewellery Emporium.
 17143 | Orc:4    | Bought an uncursed ring of see invisible for 180 gold pieces
 17143 | Orc:4    | Bought the ring "Ysunui" {Wiz rC++ MP-9 Dex+2} for 704 gold pieces
 17410 | Orc:3    | Found a runed door.
 17896 | Orc:3    | Found a roughly hewn altar of Beogh.
 18338 | Orc:4    | Noticed an orc high priest
 18360 | Orc:4    | Killed an orc high priest
 18395 | Orc:4    | Noticed an orc high priest
 18430 | Orc:4    | Killed an orc high priest
 18430 | Orc:4    | Paralysed by an orc sorcerer for 7 turns
 18433 | Orc:4    | HP: 5/115 [rust devil[an orc sorcerer] (1)]
 18434 | Orc:4    | Mangled by a rust devil

Action                   |  1- 3 |  4- 6 |  7- 9 | 10-12 | 13-15 || total
-------------------------+-------+-------+-------+-------+-------++-------
Melee: War axe           |    80 |       |       |   263 |   306 ||   649
       Whip              |    40 |   195 |   381 |       |       ||   616
       Flail             |       |     1 |   128 |       |       ||   129
       Spear             |       |       |    15 |  1675 |   238 ||  1928
       Hand axe          |       |       |       |    14 |     6 ||    20
 Fire: Blowgun           |       |       |     4 |    24 |       ||    28
Throw: Tomahawk          |       |       |     8 |     6 |       ||    14
Evoke: Wand              |       |       |     5 |     4 |       ||     9
  Use: Scroll            |     6 |     9 |     8 |     8 |     2 ||    33
       Potion            |       |       |       |     3 |     6 ||     9
 Stab: Confused          |       |       |       |     3 |       ||     3
  Eat: Chunk             |    20 |    29 |    44 |    81 |    26 ||   200
